 Dungeon Crawl Stone Soup version 0.28-a0-1406-ga8dd43b (webtiles) character file.

Game seed: 11964831693895216246

507 DUBB the Magician (level 6, -5/45 HPs)
             Began as a Draconian Fire Elementalist on Jan 6, 2022.
             Killed from afar by Ijyb (23 damage)
             ... with a bolt of acid
             ... on level 3 of the Dungeon.
             The game lasted 00:29:49 (3618 turns).

DUBB the Magician (Draconian Fire Elementalist)     Turns: 3618, Time: 00:29:51

Health: -5/45      AC:  7    Str: 10    XL:     6   Next: 97%
Magic:  4/13       EV: 12    Int: 18    God:
Gold:   130        SH:  0    Dex: 11    Spells: 2/15 levels left

rFire   . . .      SeeInvis .   h - +3 mace of Hyusatod {freeze, Stlth+}
rCold   . . .      Faith    .   (no shield)
rNeg    . . .      Spirit   .   (armour unavailable)
rPois   .          Reflect  .   (helmet restricted)
rElec   .          Harm     .   (no cloak)
rCorr   .          Rampage  .   (no gloves)
Will    .....                   b - +0 pair of boots
Stlth   +++.......              (no amulet)
HPRegen 0.15/turn               a - ring of wizardry
MPRegen 0.13/turn               (no ring)

@: no status effects
A: AC +6, unfitting armour, cold-blooded
a: no special abilities


You were on level 3 of the Dungeon.
You visited 1 branch of the dungeon, and saw 3 of its levels.
You also visited: Sewer.

You collected 130 gold pieces.

Inventory:

Hand Weapons
 d - a +0 dagger of freezing
 h - the +3 mace of Hyusatod (weapon) {freeze, Stlth+}
   (You found it on level 3 of the Dungeon)

   It freezes those it strikes, dealing additional cold damage.
   It can also slow down cold-blooded creatures.
   Stlth:     It makes you more stealthy.
 j - a +2 dagger of venom
Armour
 b - a +0 pair of boots (worn)
Jewellery
 a - a ring of wizardry (left hand)
Wands
 o - a wand of digging (6)
Scrolls
 f - 2 scrolls of fog
Potions
 c - a potion of degeneration {unknown}
 e - a potion of lignification
 g - 3 potions of heal wounds {unknown}
 i - a potion of curing {unknown}
 k - a potion of magic {unknown}
 l - 2 potions of haste
 m - a potion of mutation {unknown}
 n - a potion of ambrosia {unknown}


   Skills:
 - Level 0.1 Maces & Flails
 - Level 1.7 Dodging
 - Level 1.7 Stealth
 - Level 5.0 Spellcasting
 + Level 3.7 Conjurations
 + Level 4.6 Fire Magic


You had 2 spell levels left.
You knew the following spells:

 Your Spells              Type           Power      Damage    Failure   Level
a - Foxfire               Conj/Fire      76%        2x1d7     1%          1
b - Scorch                Fire           42%        2d7       1%          2
c - Flame Wave            Conj/Fire      19%        2d5       10%         4
d - Conjure Flame         Conj/Fire      19%        6-21      2%          3
e - Inner Flame           Hex/Fire       12%        N/A       6%          3

Your spell library contained the following spells:

 Spells                   Type           Power      Damage    Failure   Level


Dungeon Overview and Level Annotations

Branches:
Dungeon (3/15)              Sewer (visited)

Altars:
Fedhas
Uskayaw

Shops:
D:2 (

Annotations:
D:3 Ijyb


Innate Abilities, Weirdness & Mutations

Your plain brown scales are hard. (AC +6)
You cannot fit into any form of body armour.
You are cold-blooded and may be slowed by cold attacks.


Message History

This spell is quite dangerous to cast!
Memorise Flame Wave, consuming 4 spell levels and leaving 8?
You start memorising the spell.
You continue memorising. x4
You finish memorising.
Spell assigned to 'c'.
This spell is dangerous to cast!
Memorise Conjure Flame, consuming 3 spell levels and leaving 5?
You start memorising the spell.
You continue memorising. x3
You finish memorising.
Spell assigned to 'd'.
This spell is dangerous to cast!
Memorise Inner Flame, consuming 3 spell levels and leaving 2?
You start memorising the spell.
You continue memorising. x3
You finish memorising.
Spell assigned to 'e'.
Ijyb the Twisted Goblin comes into view.
She is wielding a +0 dagger and carrying a wand of acid (11).
Casting: Foxfire (safe; 1% risk of failure)
Confirm with . or Enter, or press ? or * to list all spells.
The fire begins to smoulder!
Ijyb shouts!
Ijyb zaps a wand.
The bolt of acid misses you.
You smother the flame.
Casting: Conjure Flame (dangerous; 2% risk of failure)
Confirm with . or Enter, or press ? or * to list all spells.
Nothing appears to happen.
Casting: Scorch (safe; 1% risk of failure)
Confirm with . or Enter, or press ? or * to list all spells.
Nothing appears to happen.
Found 4 gold pieces.
Casting: Scorch (safe; 1% risk of failure)
Confirm with . or Enter, or press ? or * to list all spells.
Flames lash Ijyb but do no damage.
Ijyb zaps a wand.
The bolt of acid hits you!!
Ouch! That really hurt!
Casting: Scorch (safe; 1% risk of failure)
Confirm with . or Enter, or press ? or * to list all spells.
You conjure some foxfire!
Ijyb hits you with a +0 dagger.
You hit Ijyb but do no damage.
The foxfire hits Ijyb but does no damage.
The foxfire hits Ijyb.
Ijyb is lightly wounded.
Ijyb zaps a wand.
The bolt of acid hits you!!
Ouch! That really hurt!
You die...

# #.# #.#.# ##.#
#.# # #.# #.#.#
##.#.##.# # #.#
#.#.###.###.#.# #
#.# #.#....## ##..#
#
#.###.#####.###.###
# #.##.........#.##
####.##.#######..##
..##.##.# #ยง.#
........# #.@#
#.##....# #.g....#
#.####..#
#.......$. #.. ...#
#.####.###
######..# #. # ..
.... .. #.# #.###
## ..## #.# ....
..#


You could see Ijyb.

Vanquished Creatures
  Pargi (Sewer)
  2 ogres
  A scorpion (D:3)
  Jessica (D:2)
  Robin (D:3)
  8 adders
  2 worms (D:3)
  2 dart slugs
  An orc (D:3)
  3 bats
  5 endoplasms
  A giant cockroach (D:3)
  13 goblins
  8 hobgoblins
  2 quokkas
  7 ball pythons
  8 frilled lizards
  4 kobolds
  9 rats
79 creatures vanquished.

Vanquished Creatures (others)
  126 foxfires
126 creatures vanquished.

Grand Total: 205 creatures vanquished

Notes
Turn   | Place    | Note
-------+----------+-------------------------------------------
     0 | D:1      | DUBB the Draconian Fire Elementalist began the quest for
                  | the Orb.
     0 | D:1      | Reached XP level 1. HP: 14/14 MP: 3/3
   223 | D:1      | Reached XP level 2. HP: 15/20 MP: 1/5
   422 | D:1      | Found a faded altar of an unknown god.
   662 | D:1      | Reached skill level 3 in Spellcasting
   665 | D:1      | Learned a level 2 spell: Scorch
   775 | D:2      | Found Til Komn's Weapon Shop.
  1174 | D:2      | Reached XP level 3. HP: 26/26 MP: 2/7
  1431 | D:2      | Reached XP level 4. HP: 33/33 MP: 3/9
  1910 | D:2      | Noticed an ogre
  1929 | D:2      | Killed an ogre
  1930 | D:2      | Reached skill level 4 in Spellcasting
  1930 | D:2      | Reached XP level 5. HP: 28/38 MP: 2/12
  2087 | D:2      | Noticed Jessica
  2096 | D:2      | Killed Jessica
  2231 | D:2      | Reached skill level 5 in Spellcasting
  2746 | D:3      | Noticed Robin
  2771 | D:3      | Killed Robin
  2825 | D:3      | Found a glowing drain.
  2832 | Sewer    | Entered a sewer
  2885 | Sewer    | Noticed Pargi
  2898 | Sewer    | Killed Pargi
  2899 | Sewer    | Reached XP level 6. HP: 25/45 MP: 7/13
  3288 | D:3      | Identified the +3 mace of Hyusatod {freeze, Stlth+}
  3335 | D:3      | Found a hide-covered altar of Uskayaw.
  3335 | D:3      | Found a blossoming altar of Fedhas.
  3594 | D:3      | Learned a level 4 spell: Flame Wave
  3598 | D:3      | Learned a level 3 spell: Conjure Flame
  3602 | D:3      | Learned a level 3 spell: Inner Flame
  3609 | D:3      | Noticed Ijyb
  3618 | D:3      | Killed from afar by Ijyb

Illustrated notes

Levels and vault maps discovered:
D:1:      ebering_trefoil_twist, layout_loops_cross,
          chequers_ecumenical_altar_island
D:2:      layout_basic, serial_shops, nicolae_shop_hallway_stairs, uniq_jessica
D:3:      layout_loops_ring, gammafunk_temple_overflow_statue,
          lightli_sewer_entry_pipes, nicolae_wormholes, uniq_robin, uniq_ijyb

Skill      XL: |  1  2  3  4  5  6 |
---------------+-------------------+-----
Spellcasting   | 3 4 5 |  5.0
Conjurations   | 2 3 |  3.7
Fire Magic     | 4 |  4.6
Maces & Flails | |  0.1
Dodging        | |  1.7
Stealth        | |  1.7

Action                   |  1- 3 |  4- 6 || total
-------------------------+-------+-------++-------
Melee: Falchion          |     4 |       ||     4
       Dagger            |     6 |    45 ||    51
       Tailslap          |       |     4 ||     4
       Mace              |       |     6 ||     6
 Cast: Foxfire           |    39 |    47 ||    86
       Scorch            |    14 |    21 ||    35
       Conjure Flame     |       |     1 ||     1
  Use: Potion            |       |     1 ||     1
       Scroll            |       |     4 ||     4
 Stab: Sleeping          |       |     1 ||     1
Armor: Skin              |    14 |    42 ||    56
Dodge: Dodged            |    21 |    53 ||    74

Table legend: (Time is in decaauts)
 A = Elapsed time spent in this place.
 B = Non-inter-level travel time spent in this place.
 C = Inter-level travel time spent in this place.
 D = Time resting spent in this place.
 E = Time spent auto-exploring this place.
 F = Levels seen in this place.
 G = Mean time per level.
                   A        B        C        D        E       F      G
               +--------+--------+--------+--------+--------+-----+--------+
         Total |   3714 |   3714 |      0 |   1440 |     55 |   4 |  928.5 |
       Dungeon |   3365 |   3365 |      0 |   1292 |     55 |   3 | 1121.7 |
         Sewer |    349 |    349 |      0 |    148 |      0 |   1 |  349.0 |
               +--------+--------+--------+--------+--------+-----+--------+

Top non-repeatable levels by time:
     D:2: 1916 daAuts
     D:1: 790 daAuts
     D:3: 658 daAuts
   Sewer: 349 daAuts
